 Dungeon Crawl Stone Soup version 0.25-a0-890-g62861fb195 (webtiles) character file.

Game seed: 11944474234771789400, levelgen mode: deterministic

67 Hasart the Insei (level 4, -3/29 HPs)
             Began as an Octopode Transmuter on May 3, 2020.
             Engulfed by Ijyb's poison gas (5 damage)
             ... on level 3 of the Dungeon.
             The game lasted 00:08:00 (2847 turns).

Hasart the Insei (Octopode Transmuter)              Turns: 2847, Time: 00:08:00

Health: -3/29      AC:  1    Str:  9    XL:     4   Next: 16%
Magic:  6/7        EV: 13    Int: 16    God:
Gold:   83         SH:  0    Dex: 12    Spells: 1/7 levels left

rFire    . . .     SeeInvis .     - Unarmed
rCold    . . .     Gourm    .   (no shield)
rNeg     . . .     Faith    .   (helmet restricted)
rPois    .         Spirit   .   (no amulet)
rElec    .         Reflect  .   g - ring of flight
rCorr    .         Harm     .   (no ring)
MR       .....                  (no ring)
Stlth    ++........             (no ring)
HPRegen  0.09/turn              (no ring)
MPRegen  0.10/turn              (no ring)
                                (no ring)
                                (no ring)

@: lethally poisoned (-3 -> -71), appendage (expiring)
A: almost no armour, stealthy swim, amphibious, 8 rings, constrict 8, tentacle
spike 3, camouflage 1, gelatinous body 1
a: End Transformation, Evoke Flight


You were on level 3 of the Dungeon.
You were not hungry.
One of your tentacles had a temporary spike.
You visited 1 branch of the dungeon, and saw 3 of its levels.

You collected 83 gold pieces.

Inventory:

Missiles
 a - 33 arrows
 f - 14 poisoned darts (quivered)
Jewellery
 g - a ring of flight (left tentacle)
Scrolls
 b - 2 scrolls of remove curse {unknown}
 i - 2 scrolls of teleportation {unknown}
 j - a scroll of noise {unknown}
 k - 2 scrolls of identify {unknown}
Potions
 e - 3 potions of curing {unknown}
 h - a potion of flight {unknown}
Comestibles
 c - 8 rations


   Skills:
 + Level 1.8 Fighting
 + Level 2.5 Dodging
 * Level 3.8 Unarmed Combat
 - Level 2.0 Spellcasting
 + Level 2.5 Transmutations
 + Level 0.7 Poison Magic


You had one spell level left.
You knew the following spells:

 Your Spells              Type           Power        Failure   Level  Hunger
a - Beastly Appendage     Tmut           #.....       8%          1    #......
b - Sticks to Snakes      Tmut           #.......     11%         2    ###....
c - Spider Form           Tmut/Pois      #.........   32%         3    ###....

Your spell library contained the following spells:

 Spells                   Type           Power        Failure   Level  Hunger
 Ice Form                 Ice/Tmut       #.......     77%         4    #####..
 Blade Hands              Tmut           #.........   90%         5    ######.


Dungeon Overview and Level Annotations

Branches:
Dungeon (3/15)

Altars:
Fedhas
Kikubaaqudgha
Qazlal
Vehumet

Annotations:
D:3 Ijyb


Innate Abilities, Weirdness & Mutations

You cannot wear most types of armour.
You are very stealthy in the water. (Stealth+)
You are amphibious.
You can wear up to eight rings at the same time.
You can use your tentacles to constrict eight enemies at once.
Your skin changes colour to match your surroundings (Stealth+).
Your rubbery body absorbs attacks. (AC +1, EV +1)
One of your tentacles bears a large vicious spike.


Message History

You feel sick.
Ijyb zaps a wand.
Ijyb creates a blast of poison gas!
Unknown command.
You are engulfed in poison gas.
You are more poisoned.
* * * LOW HITPOINT WARNING * * *
You feel sick. Ijyb barely misses you.
You tentacle-slap Ijyb. You grab Ijyb.
Ijyb is lightly wounded.
You are engulfed in poison gas.
You are more poisoned.
* * * LOW HITPOINT WARNING * * *
You constrict Ijyb, but do no damage.
* * * LOW HITPOINT WARNING * * *
You feel very sick.
Ijyb zaps a wand.
Ijyb creates a blast of flame!
You tentacle-slap Ijyb.
Ijyb is moderately wounded.
You are engulfed in poison gas.
You are more poisoned.
You die...

....... .........
# ..#####w.. .##
..#??[#..####..
..#!$?#.g....####
..#((o#.....§....
..#####...§§§#
.......§g§§§§#..
......§§@.§§§....
#.....§§§§..§....
.....§§§§§...##..
......§§§§§....##
..#..........#..
# #..####.#....(.
.... ..##.....
.... ?. ##.. ....
...


You could see Ijyb, a worm, an orc and a goblin.

Vanquished Creatures
  2 adders (D:2)
  2 worms (D:2)
  A dart slug (D:1)
  2 leopard geckos (D:1)
  5 goblins
  5 hobgoblins
  4 jackals (D:2)
  4 kobolds
  A quokka (D:2)
  A ball python (D:1)
  3 bats
  A frilled lizard (D:1)
  7 rats
38 creatures vanquished.

Notes
Turn   | Place    | Note
-------+----------+-------------------------------------------
     0 | D:1      | Hasart the Octopode Transmuter began the quest for the Orb.
     0 | D:1      | Reached XP level 1. HP: 13/13 MP: 3/3
   446 | D:1      | Reached XP level 2. HP: 14/18 MP: 5/5
  1258 | D:2      | Reached XP level 3. HP: 16/23 MP: 6/6
  1361 | D:2      | Found a blossoming altar of Fedhas.
  1451 | D:2      | HP: 1/23 [worm (11)]
  1875 | D:2      | Learned a level 2 spell: Sticks to Snakes
  1879 | D:2      | Learned a level 3 spell: Spider Form
  2563 | D:2      | Found an ancient bone altar of Kikubaaqudgha.
  2564 | D:2      | Found a radiant altar of Vehumet.
  2565 | D:2      | Found a stormy altar of Qazlal.
  2626 | D:2      | Reached XP level 4. HP: 25/29 MP: 7/7
  2758 | D:3      | Noticed Ijyb
  2847 | D:3      | Engulfed by Ijyb's poison gas

Levels and vault maps discovered:
D:1:      scummos_arrival_simple_crosswalls, layout_basic
D:2:      layout_loops_cross, fedhas_altar_3,
          gammafunk_temple_overflow_forgotten
D:3:      layout_rooms, minmay_door_square, due_unseen_surprise,
          uniq_crazy_yiuf_cottage, uniq_robin, uniq_ijyb, uniq_natasha

Action                   |  1- 3 |  4- 6 || total
-------------------------+-------+-------++-------
Melee: Unarmed           |    80 |     7 ||    87
       Constrict         |    26 |     2 ||    28
       Tentacles         |    15 |       ||    15
       Punch             |     4 |       ||     4
       Kick              |     3 |       ||     3
Throw: Dart              |     4 |       ||     4
 Cast: Beastly Appendage |     3 |     2 ||     5
 Stab: Sleeping          |     5 |       ||     5
  Eat: Chunk             |     5 |     1 ||     6
Armor: Skin              |     6 |       ||     6
Dodge: Dodged            |    37 |     4 ||    41

Table legend:
 A = Non-vault XP
 B = Vault XP
 C = Vault XP percentage of total XP
 D = Non-vault monster count
 E = Vault monster count
 F = Vault count percentage of total count
                 A         B        C        D         E       F
            +---------+---------+-------+---------+---------+-------
      Total |      96 |       0 |   0.0 |      38 |       0 |   0.0
            +---------+---------+-------+---------+---------+-------
        D:1 |      28 |       0 |   0.0 |      15 |       0 |   0.0
        D:2 |      68 |       0 |   0.0 |      23 |       0 |   0.0
            +---------+---------+-------+---------+---------+-------
